[Event "OGD Prinsenstad-toernooi - A groep"]
[Site "Delft"]
[Date "2013.03.31"]
[Round "5.9"]
[White "Thakoerdien, Jerrel"]
[Black "Freeke, Matthieu"]
[Result "1/2-1/2"]
[ECO "D59"]
[WhiteElo "2037"]
[BlackElo "2320"]
[PlyCount "57"]
[EventDate "2013.03.29"]
[EventType "swiss"]
[EventRounds "6"]
[EventCountry "NED"]
[Source "DSC"]
[SourceDate "2013.02.04"]
[TimeControl "6000+10"]

1. d4 Nf6 2. Nf3 d5 3. c4 e6 4. Nc3 Be7 5. Bg5 h6 6. Bh4 O-O 7. e3 b6 8. cxd5 Nxd5 9. Bg3 Bb7 10. Bd3 c5 11. O-O cxd4 12. exd4 Nd7 13. Rc1 N7f6 14. Bb1 Rc8 15. Be5 Nxc3 16. Rxc3 Rxc3 17. bxc3 Qc8 18. Re1 Nd5 19. Qd3 f5 20. c4 Nb4 21. Qb3 Nc6 22. Bf4 Na5 23. Qe3 Rf6 24. Rc1 Rg6 25. Bd3 Ba3 26. Rc2 Nc6 27. Bxf5 exf5 28. Qxa3 Na5 29. Qc3 1/2-1/2

[Event "OGD Prinsenstad-toernooi - A groep"]
[Site "Delft"]
[Date "2013.03.31"]
[Round "6.1"]
[White "Haslinger, Stewart"]
[Black "L'Ami, Erwin"]
[Result "1/2-1/2"]
[ECO "B12"]
[WhiteElo "2547"]
[BlackElo "2615"]
[PlyCount "165"]
[EventDate "2013.03.29"]
[EventType "swiss"]
[EventRounds "6"]
[EventCountry "NED"]
[Source "DSC"]
[SourceDate "2013.02.04"]
[TimeControl "6000+10"]

1. e4 c6 2. d4 d5 3. e5 Bf5 4. Nf3 e6 5. Be2 Ne7 6. O-O Nc8 7. Nbd2 Be7 8. Nb3 O-O 9. a4 Nd7 10. a5 a6 11. c4 Na7 12. h3 Rc8 13. Be3 dxc4 14. Bxc4 Nb5 15. Rc1 Nc7 16. Ne1 Nd5 17. Bd2 Bg6 18. f4 Kh8 19. Qe2 Qe8 20. g4 f5 21. exf6 Bxf6 22. Nf3 Qd8 23. Bxd5 exd5 24. f5 Re8 25. Qg2 Bf7 26. g5 Be7 27. Ne5 Nxe5 28. dxe5 d4 29. e6 Bg8 30. Nc5 Qd5 31. Qxd5 cxd5 32. Nxb7 Bf8 33. Bf4 Rc4 34. Be5 d3 35. Rcd1 Re4 36. Bd6 g6 37. Bxf8 Rxf8 38. Nc5 gxf5 39. Rxd3 Re2 40. Rxd5 f4 41. Rf2 Re3 42. Rd4 Rf5 43. b4 Rxg5+ 44. Kh2 Bxe6 45. Nxe6 Rxe6 46. Rdxf4 Kg7 47. Rf7+ Kg6 48. Rb7 h6 49. Rg2 Kh5 50. Rxg5+ hxg5 51. Rb6 Re4 52. Kg3 Rf4 53. Kg2 Rh4 54. Rb8 Kg6 55. Rb6+ Kh5 56. Rxa6 Rxb4 57. Ra8 Ra4 58. a6 Kg6 59. Kf2 Ra3 60. Kg2 Kg7 61. Ra7+ Kg6 62. Ra8 Kg7 63. a7 Kh7 64. Kf2 Kg7 65. Ke2 Kh7 66. Kd2 Kg7 67. Kc2 Kh7 68. Kb2 Ra6 69. Kc3 Kg7 70. Kb4 Ra1 71. Kc5 Rc1+ 72. Kd6 Rd1+ 73. Ke6 Ra1 74. Kf5 Ra5+ 75. Kg4 Kh7 76. Kh5 Kg7 77. Kg4 Kh7 78. Kf3 Kg7 79. Ke4 Ra1 80. Kf5 Ra5+ 81. Ke6 Ra6+ 82. Kd5 Ra1 83. Ke4 1/2-1/2

[Event "OGD Prinsenstad-toernooi - A groep"]
[Site "Delft"]
[Date "2013.03.31"]
[Round "6.2"]
[White "Smeets, Jan"]
[Black "Slingerland, Fred"]
[Result "1/2-1/2"]
[ECO "B50"]
[WhiteElo "2627"]
[BlackElo "2336"]
[PlyCount "133"]
[EventDate "2013.03.29"]
[EventType "swiss"]
[EventRounds "6"]
[EventCountry "NED"]
[Source "DSC"]
[SourceDate "2013.02.04"]
[TimeControl "6000+10"]

1. e4 c5 2. Nf3 d6 3. c3 Nf6 4. Bd3 Nc6 5. Bc2 e5 6. O-O Be7 7. h3 d5 8. d3 O-O 9. Nbd2 Qc7 10. Re1 Rd8 11. Qe2 dxe4 12. dxe4 Nh5 13. Nf1 Qd6 14. g4 Nf4 15. Bxf4 exf4 16. Rad1 Qh6 17. Rxd8+ Bxd8 18. Kg2 Bc7 19. N1h2 Bd7 20. Bb3 Be6 21. Qb5 Bb6 22. e5 Rd8 23. Qa4 Bc7 24. Qb5 Bb6 25. Re4 Ne7 26. Bxe6 Qxe6 27. a4 Ng6 28. Qc4 Re8 29. g5 Bd8 30. Ng4 Qf5 31. Qb5 Rf8 32. Qxb7 Bxg5 33. Re1 h5 34. Ngh2 Nh4+ 35. Nxh4 Bxh4 36. Qe4 Qg5+ 37. Kf1 Qd8 38. Qxf4 Qd3+ 39. Kg2 Be7 40. Qe4 Qd2 41. Qe2 Qg5+ 42. Kh1 Qf5 43. Qf3 Qc2 44. Qxh5 Qxf2 45. Re2 Qf4 46. Qg4 Qc1+ 47. Kg2 Rb8 48. e6 f6 49. Nf3 Rxb2 50. Qc4 Rxe2+ 51. Qxe2
Qxc3 52. Qe4 Qb2+ 53. Kf1 Qa1+ 54. Ke2 Qb2+ 55. Kf1 Qa1+ 56. Kg2 Qb2+ 57. Kg3 Bd6+ 58. Kh4
Qf2+ 59. Kh5 Qg3 60. Qf5 c4 61. h4 c3 62. Ng5 fxg5 63. Qf7+ Kh7 64. Qg6+ Kg8 65. Qf7+ Kh7 66. Qg6+ Kg8 67. Qf7+ 1/2-1/2

[Event "OGD Prinsenstad-toernooi - A groep"]
[Site "Delft"]
[Date "2013.03.31"]
[Round "6.4"]
[White "Van den Doel, Erik"]
[Black "De Wit, Michel"]
[Result "1-0"]
[ECO "C70"]
[WhiteElo "2552"]
[BlackElo "2260"]
[PlyCount "81"]
[EventDate "2013.03.29"]
[EventType "swiss"]
[EventRounds "6"]
[EventCountry "NED"]
[Source "DSC"]
[SourceDate "2013.02.04"]
[TimeControl "6000+10"]

1. e4 e5 2. Nf3 Nc6 3. Bb5 a6 4. Ba4 Nge7 5. O-O g6 6. c3 Bg7 7. d4 b5 8. Bc2
d6 9. d5 Nb8 10. a4 bxa4 11. c4 O-O 12. Nc3 Nd7 13. Nxa4 f5 14. Ng5 Nf6 15. Nc3
f4 16. b4 h6 17. Ne6 Bxe6 18. dxe6 c6 19. Qd3 Ne8 20. Rd1 Qc8 21. c5 dxc5 22.
Na4 Ra7 23. Nxc5 Nc7 24. Bb2 Kh7 25. Qd7 Nb5 26. Qxc8 Rxc8 27. Rd7 Rcc7 28.
Rxa6 Rxa6 29. Nxa6 Ra7 30. Rxa7 Nxa7 31. Nc5 Nb5 32. Nd3 Nd4 33. Bxd4 exd4 34.
Nxf4 g5 35. Nd3 Kg8 36. g3 Ng6 37. f4 Kf8 38. Kf2 Ke7 39. Bb3 Nf8 40. f5 Kd6
41. e5+ 1-0

[Event "OGD Prinsenstad-toernooi - A groep"]
[Site "Delft"]
[Date "2013.03.31"]
[Round "6.5"]
[White "Hovhanisian, Mher"]
[Black "Legemaat, Gert"]
[Result "1-0"]
[ECO "D07"]
[WhiteElo "2494"]
[BlackElo "2195"]
[PlyCount "65"]
[EventDate "2013.03.29"]
[EventType "swiss"]
[EventRounds "6"]
[EventCountry "NED"]
[Source "DSC"]
[SourceDate "2013.02.04"]
[TimeControl "6000+10"]

1. d4 d5 2. c4 Nc6 3. Nf3 Bg4 4. Nc3 e6 5. Bf4 Bxf3 6. gxf3 dxc4 7. e3 Bd6 8. Bg3 Nge7 9. Bxc4 O-O 10. a3 Nf5 11. Bd3 Qg5 12. f4 Qh6 13. Qc2 Ncxd4 14. exd4 Nxd4 15. Qd1 c5 16. Be4 f5 17. Bg2 Bxf4 18. Ne2 g5 19. Bxf4 gxf4 20. Nxd4 Rad8 21. Bxb7 cxd4 22. Rc1 Qg7 23. Qf3 Kh8 24. Kf1 Rg8 25. Ba6 e5 26. Bc4 e4 27. Qxf4 d3 28. Bxg8 Rxg8 29. Ke1 e3 30. Qxe3 Qxb2 31. Rd1 Rd8 32. f4 d2+ 33. Kf2 1-0

[Event "OGD Prinsenstad-toernooi - A groep"]
[Site "Delft"]
[Date "2013.03.31"]
[Round "6.6"]
[White "Kohlweyer, Bernd"]
[Black "Beerdsen, Thomas"]
[Result "1-0"]
[ECO "D12"]
[WhiteElo "2460"]
[BlackElo "2116"]
[PlyCount "59"]
[EventDate "2013.03.29"]
[EventType "swiss"]
[EventRounds "6"]
[EventCountry "NED"]
[Source "DSC"]
[SourceDate "2013.02.04"]
[TimeControl "6000+10"]

1. d4 d5 2. c4 c6 3. e3 Nf6 4. Nf3 Bf5 5. Nc3 e6 6. Nh4 Bg4 7. Qb3 Qb6 8. h3 Bh5 9. g4 Bg6 10. g5 Nfd7 11. Nxg6 hxg6 12. e4 dxe4 13. c5 Qxb3 14. axb3 e5 15. b4 exd4 16. Nxe4 Ne5 17. f4 Nf3+ 18. Kf2 Nh4 19. Bc4 Be7 20. Re1 O-O 21. Ng3 Re8 22. Re4 Nd7 23. Rxd4 Nf8 24. Be3 a6 25. Rd3 Bd8 26. Rad1 Bc7 27. Rd7 Nxd7 28. Rxd7 Rec8 29. Rxf7 Bd8 30. Bd4 1-0

[Event "OGD Prinsenstad-toernooi - A groep"]
[Site "Delft"]
[Date "2013.03.31"]
[Round "6.7"]
[White "Van Dijk, Harold"]
[Black "Thakoerdien, Jerrel"]
[Result "1-0"]
[ECO "B01"]
[WhiteElo "2331"]
[BlackElo "2037"]
[PlyCount "73"]
[EventDate "2013.03.29"]
[EventType "swiss"]
[EventRounds "6"]
[EventCountry "NED"]
[Source "DSC"]
[SourceDate "2013.02.04"]
[TimeControl "6000+10"]

1. e4 d5 2. exd5 Nf6 3. Nf3 Nxd5 4. d4 g6 5. Be2 Bg7 6. O-O O-O 7. c4 Nb6 8. h3 Nc6 9. c5 Nd5 10. Nc3 h6 11. Qb3 Be6 12. Qxb7 Ncb4 13. Nxd5 Nxd5 14. a3 Kh7 15. Ne5 f5 16. Nc6 Qe8 17. Bc4 Qf7 18. Re1 Rae8 19. Qb3 f4 20. Qf3 Qf5 21. Rxe6 Qxe6 22. Bxd5 Qe1+ 23. Kh2 e5 24. dxe5 Bxe5 25. Nxe5 Rxe5 26. Bc4 Qe4 27. Qxe4 Rxe4 28. b3 Rd8 29. f3 Red4 30. Bb2 Rd2 31. Bc3 Rc2 32. Ba5 Rd7 33. c6 Rd6 34. Bxc7 Rxc6 35. Bxf4 Rf6 36. Kg3 h5 37. h4 1-0

[Event "OGD Prinsenstad-toernooi - A groep"]
[Site "Delft"]
[Date "2013.03.31"]
[Round "6.8"]
[White "Freeke, Matthieu"]
[Black "Dijkhuis, Tycho"]
[Result "1-0"]
[ECO "D71"]
[WhiteElo "2320"]
[BlackElo "2180"]
[PlyCount "143"]
[EventDate "2013.03.29"]
[EventType "swiss"]
[EventRounds "6"]
[EventCountry "NED"]
[Source "DSC"]
[SourceDate "2013.02.04"]
[TimeControl "6000+10"]

1. d4 Nf6 2. c4 g6 3. g3 Bg7 4. Bg2 d5 5. cxd5 Nxd5 6. Nf3 Nb6 7. O-O Nc6 8.
Nc3 O-O 9. d5 Na5 10. Qc2 c6 11. dxc6 Nxc6 12. Rd1 Bd7 13. Be3 Rc8 14. Qe4 Re8
15. Bh3 Bxh3 16. Rxd8 Rcxd8 17. Qh4 Bc8 18. Bxb6 axb6 19. Kg2 Nd4 20. Rd1 Bf6
21. Qe4 Nxf3 22. exf3 Rxd1 23. Nxd1 Rd8 24. Ne3 Rd4 25. Qc2 Be6 26. b3 h5 27.
h4 Rd7 28. f4 Bd4 29. f5 gxf5 30. Nxf5 Bc5 31. Ne3 Bxe3 32. fxe3 Rd5 33. a4 Kg7
34. Qc7 Bg4 35. e4 Rd2+ 36. Kg1 Rd6 37. Qxe7 Rd3 38. Qg5+ Kh7 39. Qf4 Rf3 40.
Qc7 Be6 41. b4 Bb3 42. Kg2 Rf6 43. Qe5 Rh6 44. Qf5+ Kg7 45. Qg5+ Kh7 46. Qe7
Kg7 47. a5 bxa5 48. bxa5 Ba4 49. Qxb7 Bc6 50. Qb2+ Kh7 51. Qe5 Kg8 52. Qf5 Kg7
53. Qe5+ Kg8 54. Kf3 Kh7 55. Ke3 Kg8 56. Kd4 Kh7 57. a6 Kg8 58. a7 Re6 59. Qg5+
Kf8 60. Qd8+ Kg7 61. e5 Rg6 62. Kc5 Bf3 63. a8=Q Bxa8 64. Qxa8 Rxg3 65. Qd8 Rg6
66. Kd5 Kh7 67. Qf8 Rg7 68. Ke4 Kg6 69. Qd6+ Kh7 70. Qf6 Kg8 71. Kf5 Rg6 72.
Qxg6+ 1-0

[Event "OGD Prinsenstad-toernooi - A groep"]
[Site "Delft"]
[Date "2013.03.31"]
[Round "6.9"]
[White "Von Meijenfeldt, Bart"]
[Black "Senders, Mischa"]
[Result "1-0"]
[ECO "B23"]
[WhiteElo "2195"]
[BlackElo "2208"]
[PlyCount "61"]
[EventDate "2013.03.29"]
[EventType "swiss"]
[EventRounds "6"]
[EventCountry "NED"]
[Source "DSC"]
[SourceDate "2013.02.04"]
[TimeControl "6000+10"]

1. e4 c5 2. Nc3 d6 3. f4 g6 4. Nf3 Bg7 5. Bb5+ Bd7 6. Bc4 e6 7. d4 cxd4 8. Nxd4 a6 9. Be3 Ne7 10. Qd2 b5 11. Bb3 Nbc6 12. Nxc6 Bxc6 13. Bd4 e5 14. fxe5 dxe5 15. Qf2 O-O 16. Bc5 Qc7 17. O-O Kh8 18. Bxf7 b4 19. Bxb4 Rxf7 20. Qxf7 Qb6+ 21. Kh1 Qxb4 22. Nd5 Nxd5 23. exd5 Bb5 24. Qb7 Re8 25. a4 e4 26. axb5 axb5 27. Ra8 Qe7 28. Qxe7 Rxa8 29. d6 Rf8 30. Rxf8+ Bxf8 31. Qxf8# 1-0